 Dungeon Crawl Stone Soup version 0.29.1-15-g9cfb28693d (webtiles) character file.

Game seed: 2969270478765791676

19 Smoke131 the Chopper (level 2, -6/31 HPs)
             Began as an Ogre Gladiator on Feb 28, 2023.
             Mangled by a gnoll
             ... wielding a +0 flail
              (12 damage)
             ... on level 1 of the Dungeon.
             The game lasted 00:01:20 (722 turns).

Smoke131 the Chopper (Ogre Gladiator)                Turns: 722, Time: 00:01:21

Health: -6/31      AC:  3    Str: 17    XL:     2   Next: 75%
Magic:  2/2        EV: 10    Int:  9    God:
Gold:   2          SH:  0    Dex: 10    Spells: 1/1 levels left

rFire   . . .      SeeInvis .   a - +0 war axe
rCold   . . .      Faith    .   (no shield)
rNeg    . . .      Spirit   .   b - +0 robe
rPois   .          Reflect  .   c - +0 hat
rElec   .          Harm     .   (no cloak)
rCorr   .          Rampage  .   (gloves unavailable)
Will    .....                   (boots unavailable)
Stlth   +.........              (no amulet)
HPRegen 0.10/turn               (no ring)
MPRegen 0.08/turn               (no ring)

@: no status effects
A: large, unfitting armour, tough skin 1
a: no special abilities


You were on level 1 of the Dungeon.
You visited 1 branch of the dungeon, and saw 1 of its levels.

You collected 2 gold pieces.

Inventory:

Hand Weapons
 a - a +0 war axe (weapon)
Missiles
 d - 3 throwing nets (quivered)
 e - a large rock
 i - 13 stones
Armour
 b - a +0 robe (worn)
 c - a +0 hat (worn)
Scrolls
 f - a scroll of acquirement {unknown}
 g - a scroll of identify {unknown}
Potions
 h - a potion of curing {unknown}


   Skills:
 + Level 3.1 Fighting
 + Level 3.2 Axes
 + Level 2.2 Throwing
 + Level 0.5 Armour
 + Level 2.9 Dodging


You had one spell level left.
You didn't know any spells.
Your spell library was empty.

Dungeon Overview and Level Annotations

Branches:
Dungeon (1/15)

Altars:


Innate Abilities, Weirdness & Mutations

You are too large for most types of armour.
You have tough skin. (AC +1)


Message History

The bat hits you. The bat barely misses you. The bat hits you.
You closely miss the bat.
The bat is moderately wounded.
The bat hits you but does no damage. The bat hits you.
The bat hits you but does no damage.
You barely miss the bat.
The bat is moderately wounded.
The bat hits you but does no damage. The bat closely misses you.
You hit the bat.
You kill the bat!
You see here a bat corpse.
A hobgoblin comes into view.
The hobgoblin shouts!
You barely miss the hobgoblin. The hobgoblin hits you.
You barely miss the hobgoblin. The hobgoblin hits you.
The hobgoblin closely misses you.
You hit the hobgoblin.
The hobgoblin is heavily wounded.
The hobgoblin hits you.
You slash the hobgoblin!
You kill the hobgoblin!
A gnoll comes into view. It is wielding a +0 flail.
The gnoll shouts!
The gnoll hits you with a +0 flail!
You hit the gnoll but do no damage. The gnoll hits you with a +0 flail!
The gnoll closely misses you.
You hit the gnoll.
The gnoll is moderately wounded.
The gnoll hits you with a +0 flail.
You hit the gnoll.
The gnoll is severely wounded.
The gnoll completely misses you.
You hit the gnoll.
The gnoll is almost dead.
The gnoll hits you with a +0 flail.
* * * LOW HITPOINT WARNING * * *
The gnoll hits you with a +0 flail!
You die...

#........#######
#....)...# # #........#
# #...>....#######
########...............
.........>.....########
########.......# #
...#########....########
#....g@................
###########....########
#.#.## ## #.#.########.
#....†......#
###.#######.#
#.†.......# ##########.
##


You could see a gnoll.

Vanquished Creatures
  3 endoplasms (D:1)
  A giant cockroach (D:1)
  2 hobgoblins (D:1)
  A kobold (D:1)
  2 quokkas (D:1)
  A ball python (D:1)
  3 bats (D:1)
  2 goblins (D:1)
  A rat (D:1)
16 creatures vanquished.

Notes
Turn   | Place    | Note
-------+----------+-------------------------------------------
     0 | D:1      | Smoke131 the Ogre Gladiator began the quest for the Orb.
     0 | D:1      | Reached XP level 1. HP: 22/22 MP: 1/1
   272 | D:1      | Reached XP level 2. HP: 29/29 MP: 2/2
   722 | D:1      | Mangled by a gnoll

Illustrated notes

Levels and vault maps discovered:
D:1:      evilmike_arrival_crescent, layout_loops_ring

Skill      XL: |  1  2 |
---------------+-------+-----
Fighting       | 3 |  3.1
Axes           | |  3.2
Throwing       | |  2.2
Armour         | |  0.5
Dodging        | |  2.9

Action                   || total
-------------------------++-------
Melee: War axe           ||    51
 Stab: Sleeping          ||     2
Armor: Robe              ||    26
Dodge: Dodged            ||    42
